 Dungeon Crawl Stone Soup version 0.27-a0-1334-g2746e35aca (webtiles) character file.

Game seed: 9116805093586298757

52 Gargoyl the Skirmisher (level 3, -2/35 HPs)
             Began as a Gnoll Abyssal Knight on June 26, 2021.
             Was a Follower of Lugonu.
             Splashed by a jelly's acid (7 damage)
             ... on level 1 of the Dungeon.
             The game lasted 00:01:45 (1639 turns).

Gargoyl the Skirmisher (Gnoll Abyssal Knight)       Turns: 1639, Time: 00:01:45

Health: -2/35      AC:  4    Str: 10 (12) XL:     3   Next: 85%
Magic:  6/6        EV: 11    Int: 14 (17) God:    Lugonu [*.....]
Gold:   115        SH:  5    Dex: 10 (11) Spells: 4/4 levels left

rFire    . . .     SeeInvis .   a - +1 hand axe
rCold    . . .     Faith    .   (no shield)
rNeg     . . .     Spirit   .   b - +0 leather armour
rPois    .         Reflect  +   (no helmet)
rElec    .         Harm     .   g - +0 cloak
rCorr    .         Rampage  .   (no gloves)
Will     +....                  (no boots)
Stlth    +.........             e - amulet of reflection
HPRegen  0.11/turn              c - ring of willpower
MPRegen  0.10/turn              f - +6 ring of intelligence

@: no status effects
A: fangs 1, strong nose, distributed training
a: Renounce Religion, Depart the Abyss


You were on level 1 of the Dungeon.
You worshipped Lugonu.
Lugonu was aware of your devotion.
You visited 1 branch of the dungeon, and saw 2 of its levels.
You visited the Abyss 1 time.

You collected 115 gold pieces.

Inventory:

Hand Weapons
 a - a +1 hand axe (weapon)
Armour
 b - a +0 leather armour (worn)
 g - a +0 cloak (worn)
Jewellery
 c - a ring of willpower (left hand)
 e - an amulet of reflection (around neck)
 f - a +6 ring of intelligence (right hand)
Scrolls
 d - a scroll of vulnerability {unknown}
 h - a scroll of fear {unknown}
 i - a scroll of identify {unknown}
 j - 2 scrolls of blinking {unknown}
Potions
 l - a potion of degeneration


   Skills:
 + Level 6.5 Fighting
 + Level 1.0 Short Blades
 + Level 1.0 Long Blades
 + Level 4.6 Axes
 + Level 1.0 Maces & Flails
 + Level 1.0 Polearms
 + Level 1.0 Staves
 + Level 1.0 Slings
 + Level 1.0 Bows
 + Level 1.0 Crossbows
 + Level 1.0 Throwing
 + Level 4.6 Armour
 + Level 2.6 Dodging
 + Level 1.0 Stealth
 + Level 1.0 Shields
 + Level 1.0 Unarmed Combat
 + Level 1.0 Spellcasting
 + Level 0.7 Conjurations
 + Level 0.7 Hexes
 + Level 0.7 Summonings
 + Level 0.7 Necromancy
 + Level 0.7 Translocations
 + Level 0.7 Transmutations
 + Level 0.7 Fire Magic
 + Level 0.7 Ice Magic
 + Level 0.7 Air Magic
 + Level 0.7 Earth Magic
 + Level 0.7 Poison Magic
 + Level 4.6 Invocations
 + Level 1.0 Evocations


You had 4 spell levels left.
You didn't know any spells.
Your spell library contained the following spells:

 Spells                   Type           Power      Damage    Failure   Level
 Summon Small Mammal      Summ           8%         N/A       26%         1
 Call Imp                 Summ           2%         N/A       36%         2
 Call Canine Familiar     Summ           2%         N/A       61%         3
 Summon Guardian Golem    Hex/Summ       2%         N/A       61%         3
 Summon Ice Beast         Ice/Summ       2%         N/A       95%         4
 Summon Lightning Spire   Summ/Air       2%         N/A       95%         4


Dungeon Overview and Level Annotations

Branches:
Dungeon (2/15)

Altars:


Innate Abilities, Weirdness & Mutations

You have very sharp teeth.
Your uncanny sense of smell can sniff out nearby items.
Your experience applies equally to all skills.


Message History

Your Throwing skill increases to level 1!
Your Stealth skill increases to level 1!
Your Shields skill increases to level 1!
Your Unarmed Combat skill increases to level 1!
Your Spellcasting skill increases to level 1!
Your Evocations skill increases to level 1!
Things that are here:
a +0 leather armour; a hobgoblin corpse
Things that are here:
a +0 leather armour; a hobgoblin corpse
There is a stone staircase leading down here.
You start resting.
HP restored.
You climb downwards.
The kobold hits you with a +0 dagger. The jelly hits you.
You are splashed with acid.
The kobold hits you but does no damage. The jelly hits you but does no damage.
A kobold comes into view. It is wielding a +0 short sword.
There is a stone staircase leading up here.
Unknown command.
You block the kobold's attack. The jelly hits you.
You are splashed with acid!
You climb upwards.
There is a stone staircase leading down here.
Unknown command.
Okay, then.
You hit the jelly.
Your hands burn!
* * * LOW HITPOINT WARNING * * *
The jelly is moderately wounded.
You closely miss the kobold. The kobold hits you with a +0 dagger.
* * * LOW HITPOINT WARNING * * *
The jelly hits you but does no damage.
Unknown command.
You slash the jelly!
Your hands burn!
* * * LOW HITPOINT WARNING * * *
The jelly is almost dead.
You closely miss the kobold. The kobold hits you with a +0 dagger.
* * * LOW HITPOINT WARNING * * *
The jelly hits you.
* * * LOW HITPOINT WARNING * * *
You are splashed with acid!
You die...

########### ###
#.........######.## ####
#..###......)...#.###...
######..# ##...............##
#.......# ##...#.###.###..#
#.#####.######.##.# #.###..## #.#
#....K@J.##.# #........ #.#
########.##.# #####..#. #.#
##+##.# #.... #.#
##...#.#######.##. #.####
##..............##. #.##.##
##.......######.###.
#.#...####.........####...##.
#####........'.........+.........
#.........####.........####...##.


You could see a jelly and a kobold.

Vanquished Creatures
  2 adders
  3 worms (D:2)
  4 bats (D:1)
  2 endoplasms (D:1)
  A goblin (D:1)
  5 hobgoblins
  A quokka (D:1)
  A ball python (D:1)
  A frilled lizard (D:2)
  3 kobolds (D:1)
  2 rats (D:1)
25 creatures vanquished.

Notes
Turn   | Place    | Note
-------+----------+-------------------------------------------
     0 | Abyss:1  | Gargoyl the Gnoll Abyssal Knight began the quest for the
                  | Orb.
     0 | Abyss:1  | Reached XP level 1. HP: 23/23 MP: 3/3
     2 | Abyss:1  | Found a corrupted altar of Lugonu.
    53 | Abyss:2  | Found a corrupted altar of Lugonu.
    85 | Abyss:3  | Found a corrupted altar of Lugonu.
   134 | Abyss:3  | Noticed a starcursed mass
   145 | D:1      | Escaped the Abyss
   220 | D:1      | Reached * piety under Lugonu
   423 | D:1      | Reached XP level 2. HP: 29/29 MP: 5/5
  1150 | D:2      | HP: 1/29 [worm (3)]
  1153 | D:2      | Reached XP level 3. HP: 1/35 MP: 6/6
  1528 | D:2      | Found a faded altar of an unknown god.
  1552 | D:1      | Reached skill level 1 in Short Blades
  1552 | D:1      | Reached skill level 1 in Long Blades
  1552 | D:1      | Reached skill level 1 in Maces & Flails
  1552 | D:1      | Reached skill level 1 in Polearms
  1552 | D:1      | Reached skill level 1 in Staves
  1552 | D:1      | Reached skill level 1 in Slings
  1552 | D:1      | Reached skill level 1 in Bows
  1552 | D:1      | Reached skill level 1 in Crossbows
  1552 | D:1      | Reached skill level 1 in Throwing
  1552 | D:1      | Reached skill level 1 in Stealth
  1552 | D:1      | Reached skill level 1 in Shields
  1552 | D:1      | Reached skill level 1 in Unarmed Combat
  1552 | D:1      | Reached skill level 1 in Spellcasting
  1552 | D:1      | Reached skill level 1 in Evocations
  1639 | D:1      | Splashed by a jelly's acid

Illustrated notes

Levels and vault maps discovered:
D:1:      eino_arrival_tree_alley, layout_loops_corners, minmay_misc_feat_rows,
          kennysheep_boxes
D:2:      layout_rooms, basic_altar, serial_shops, shop, basic_ecumenical_altar

Skill      XL: |  1  2  3 |
---------------+----------+-----
Short Blades   | 1 |  1.0
Long Blades    | 1 |  1.0
Maces & Flails | 1 |  1.0
Polearms       | 1 |  1.0
Staves         | 1 |  1.0
Slings         | 1 |  1.0
Bows           | 1 |  1.0
Crossbows      | 1 |  1.0
Throwing       | 1 |  1.0
Stealth        | 1 |  1.0
Shields        | 1 |  1.0
Unarmed Combat | 1 |  1.0
Spellcasting   | 1 |  1.0
Evocations     | 1 |  1.0
Fighting       | |  6.5
Axes           | |  4.6
Armour         | |  4.6
Dodging        | |  2.6
Conjurations   | |  0.7
Hexes          | |  0.7
Summonings     | |  0.7
Necromancy     | |  0.7
Translocations | |  0.7
Transmutations | |  0.7
Fire Magic     | |  0.7
Ice Magic      | |  0.7
Air Magic      | |  0.7
Earth Magic    | |  0.7
Poison Magic   | |  0.7
Invocations    | |  4.6

Action                   || total
-------------------------++-------
Melee: Hand axe          ||    83
       Bite              ||     6
Invok: Depart the Abyss  ||     1
  Use: Scroll            ||     1
       Potion            ||     3
Armor: Leather armour    ||    21
Dodge: Dodged            ||    45
Block: Other             ||    26

Table legend: (Time is in decaauts)
 A = Elapsed time spent in this place.
 B = Non-inter-level travel time spent in this place.
 C = Inter-level travel time spent in this place.
 D = Time resting spent in this place.
 E = Time spent auto-exploring this place.
 F = Levels seen in this place.
 G = Mean time per level.
                   A        B        C        D        E       F      G
               +--------+--------+--------+--------+--------+-----+--------+
         Total |   1677 |   1634 |     43 |    368 |    986 |   5 |  335.4 |
       Dungeon |   1533 |   1490 |     43 |    367 |    882 |   2 |  766.5 |
         Abyss |    144 |    144 |      0 |      1 |    104 |   3 |   48.0 |
               +--------+--------+--------+--------+--------+-----+--------+

Top non-repeatable levels by time:
     D:1: 1269 daAuts
     D:2: 264 daAuts
 Abyss:3: 61 daAuts
 Abyss:1: 53 daAuts
 Abyss:2: 29 daAuts
